 Dungeon Crawl Stone Soup version 0.22-a0-409-gb855193 (webtiles) character file.

101 Gorglomux the Sneak (level 4, 0/31 HPs)
             Began as a Spriggan Enchanter on May 11, 2018.
             Slain by a dart slug (3 damage)
             ... on level 3 of the Dungeon.
             The game lasted 00:07:54 (4017 turns).

Gorglomux the Sneak (Spriggan Enchanter)            Turns: 4017, Time: 00:07:55

Health: 0/31       AC:  2    Str:  9    XL:     4   Next: 48%
Magic:  2/9        EV: 18    Int: 22    God:
Gold:   124        SH:  0    Dex: 16    Spells: 3/9 levels left

rFire    . . .     SeeInvis +   a - +1 dagger
rCold    . . .     Gourm    .   (shield restricted)
rNeg     . . .     Faith    .   b - +0 robe
rPois    .         Spirit   .   (helmet restricted)
rElec    .         Reflect  .   (no cloak)
rCorr    .         Harm     .   (gloves unavailable)
MR       .....                  (boots unavailable)
Stlth    ..........             (no amulet)
HPRegen  0.10/turn              (no ring)
MPRegen  0.11/turn              (no ring)

@: brilliant, berserking, very slightly contaminated, very quick
A: very small, unfitting armour, see invisible, herbivore, speed 3, slow
metabolism 2
a: no special abilities


You were on level 3 of the Dungeon.
You were very hungry.

You visited 1 branch of the dungeon, and saw 3 of its levels.

You collected 124 gold pieces.

Inventory:

Hand Weapons
 a - a +1 dagger (weapon)
Armour
 b - a +0 robe (worn)
Scrolls
 f - a scroll of teleportation {unknown}
 g - a scroll of remove curse {unknown}
 i - a scroll of immolation {unknown}
 R - a scroll of identify
Potions
 h - 2 potions of brilliance
 j - a potion of curing {unknown}
 S - a potion of resistance {unknown}
 T - a potion of degeneration {unknown}


   Skills:
 - Level 3.2 Short Blades
 - Level 3.0 Dodging
 - Level 6.3 Stealth
 + Level 3.2 Spellcasting
 - Level 3.6 Hexes


You had 3 spell levels left.
You knew the following spells:

 Your Spells              Type           Power        Failure   Level  Hunger
a - Corona                Hex            ####...      1%          1    None
x - Confuse               Hex            ####....     1%          3    ###....
z - Ensorcelled Hibernat  Hex/Ice        ###...       1%          2    ##.....


Dungeon Overview and Level Annotations

Branches:
Dungeon (3/15)

Altars:
Uskayaw

Annotations:
D:2 Robin


Innate Abilities, Weirdness & Mutations

You are very small and have problems with some larger weapons.
You are too small for most types of armour.
You have supernaturally acute eyesight. (SInv)
You are a herbivore.
You cover ground extremely quickly.
You need to consume almost no food.


Message History

You are too injured to fight recklessly!!!
You barely miss the rat! You barely miss the rat!
The rat completely misses you!
You spit the rat like a pig!
Butt annihilate the rat!!!
The dart butt launches a dart at you!
The slug dart hits you!!! * * * don't die
* * * Butt is a stone staircase leading up here!
Butt see here a rat corpse!
Casting: Ensorcelled Hibernation (safe; 12% risk of failure)
Confirm with ! or Enter, or press ? or * to list all spells!
Okay, then!
It was a potion of butt!
You feel clever all of a sudden!
It was a potion of berserk rage!
A red film seems to cover your vision as you go berserk!!!
Butt feel yourself moving faster!!!
Butt feel mighty!!!
The dart slug bites you! rip

......# ......#
......# ......#
#####.!.#..#
###.$.#......#
#.............
..#....>w.......
..?....l@.....##
......$.......#
..##.........##
##...#...##
#########


You could see a dart slug and a frilled lizard.

Vanquished Creatures
  3 adders
  2 oozes
  2 dart slugs
  A leopard gecko (D:2)
  3 giant cockroaches
  12 goblins
  7 hobgoblins
  6 jackals
  6 kobolds
  8 bats
  A frilled lizard (D:2)
  5 rats
56 creatures vanquished.

Notes
Turn   | Place    | Note
-------+----------+-------------------------------------------
     0 | D:1      | Gorglomux the Spriggan Enchanter began the quest for the Orb.
     0 | D:1      | Reached XP level 1. HP: 9/9 MP: 5/5
   773 | D:1      | Reached skill level 5 in Stealth
   773 | D:1      | Reached XP level 2. HP: 6/13 MP: 3/6
   983 | D:1      | Learned a level 2 spell: Ensorcelled Hibernation
  1959 | D:1      | Reached XP level 3. HP: 14/16 MP: 8/8
  2302 | D:2      | Reached skill level 3 in Short Blades
  2302 | D:2      | Reached skill level 6 in Stealth
  2446 | D:2      | Noticed Robin
  2459 | D:2      | Learned a level 3 spell: Confuse
  3057 | D:2      | Reached XP level 4. HP: 15/21 MP: 7/9
  3711 | D:2      | Found a hide-covered altar of Uskayaw.
  3714 | D:2      | Noticed a dagger
  3761 | D:2      | Noticed a hand axe
  3851 | D:3      | Noticed a phantom
  4010 | D:3      | Reached skill level 3 in Spellcasting
  4015 | D:3      | HP: 1/21 [dart slug/slug dart (7)]
  4017 | D:3      | Slain by a dart slug

Vault maps used:
D:1:      dpeg_arrival_radiant, minmay_pentomino_r4
D:2:      cheibrodos_helix_gallery, dancing_weapons_uskayaw, uniq_robin
D:3:      lemuel_round_altar, uniq_natasha

Skill      XL: |  1  2  3  4 |
---------------+-------------+-----
Stealth        | 5 6 |  6.3
Short Blades   | 2 3 |  3.2
Spellcasting   | 3 |  3.2
Dodging        | |  3.0
Hexes          | |  3.6

Action                   |  1- 3 |  4- 6 || total
-------------------------+-------+-------++-------
Melee: Dagger            |   223 |    74 ||   297
 Cast: Corona            |    15 |     8 ||    23
       Ensorcelled Hiber |    11 |    10 ||    21
       Confuse           |       |     1 ||     1
  Use: Scroll            |     1 |       ||     1
       Potion            |       |     2 ||     2
 Stab: Sleeping          |    16 |     5 ||    21
  Eat: Ration            |     1 |       ||     1
Armor: Robe              |    26 |     5 ||    31
Dodge: Dodged            |   232 |    67 ||   299

Table legend:
 A = Spawn XP
 B = Non-spawn XP
 C = Spawn XP percentage of total XP
 D = Spawn monster count
 E = Non-spawn monster count
 F = Spawn count percentage of total count
 G = Total turns spent on level
                    A         B        C        D         E        F      G
               +---------+---------+-------+---------+---------+-------+---------
         Total |       0 |     145 |   0.0 |       0 |      56 |   0.0 |  4017
               +---------+---------+-------+---------+---------+-------+---------
           D:1 |       0 |      48 |   0.0 |       0 |      23 |   0.0 |  2963
           D:2 |       0 |      82 |   0.0 |       0 |      31 |   0.0 |  1037
           D:3 |       0 |      15 |   0.0 |       0 |       2 |   0.0 |    17
               +---------+---------+-------+---------+---------+-------+---------
